 Dungeon Crawl Stone Soup version 0.29-a0-993-g4a18f31a58 (webtiles) character file.

Game seed: 8301675800009010293

15 vurker the Sneak (level 2, 14/14 HPs)
             Began as a Vine Stalker Enchanter on Aug 2, 2022.
             Was a Follower of Trog.
             Quit the game on level 1 of the Dungeon.
             The game lasted 00:00:41 (726 turns).

vurker the Sneak (Vine Stalker Enchanter)            Turns: 726, Time: 00:00:42

Health: 14/14      AC:  6    Str: 10    XL:     2   Next: 50%
Magic:  6/6        EV:  8    Int: 15    God:    Trog [*.....]
Gold:   35         SH:  0    Dex: 14    Spells: 5/5 levels left

rFire   . . .      SeeInvis .   a - +1 dagger
rCold   . . .      Faith    .   (no shield)
rNeg    . . .      Spirit   +   g - +0 scale mail
rPois   .          Reflect  .   (no helmet)
rElec   .          Harm     .   (no cloak)
rCorr   .          Rampage  .   (no gloves)
Will    .....                   (no boots)
Stlth   +.........              (no amulet)
HPRegen 0.04/turn               (no ring)
MPRegen 0.10/turn               (no ring)

@: no status effects
A: fangs 2, magic shield, antimagic bite, no potion heal 2
a: Renounce Religion, Berserk


You were on level 1 of the Dungeon.
You worshipped Trog.
Trog was aware of your devotion.
You visited 1 branch of the dungeon, and saw 1 of its levels.

You collected 35 gold pieces.

Inventory:

Hand Weapons
 a - a +1 dagger (weapon)
Armour
 g - a +0 scale mail (worn)
   (You found it on level 1 of the Dungeon)
Scrolls
 b - a scroll of vulnerability {unknown}
 d - 3 scrolls of identify {unknown}
 e - 2 scrolls of immolation {unknown}
 f - a scroll of poison {unknown}
 i - a scroll of fog {unknown}
Potions
 c - 2 potions of invisibility
 h - a potion of ambrosia {unknown}


   Skills:
 + Level 0.8 Fighting
 - Level 0.8 Short Blades
 - Level 1.5 Dodging
 - Level 3.6 Stealth
 * Level 1.6 Unarmed Combat
 - Level 2.1 Spellcasting
 - Level 3.0 Hexes


You had 5 spell levels left.
You didn't know any spells.
Your spell library contained the following spells:

 Spells                   Type           Power      Damage    Failure   Level
 Ensorcelled Hibernation  Hex/Ice        12%        N/A       78%         2
 Confusing Touch          Hex            10%        N/A       80%         3
 Tukima's Dance           Hex            10%        N/A       80%         3
 Dazzling Flash           Conj/Hex       12%        N/A       95%         3


Dungeon Overview and Level Annotations

Branches:
Dungeon (1/15)

Altars:
Trog


Innate Abilities, Weirdness & Mutations

You have extremely sharp teeth.
When hurt, damage is shared between your health and your magic reserves.
Your bite disrupts and absorbs the magic of your enemies.
Potions cannot restore your health.


Message History

The endoplasm quivers.
The bat barely misses you.
The endoplasm moves out of view.
You hit the bat. The bat barely misses you.
The bat hits you but does no damage.
You barely miss the bat. The bat hits you but does no damage.
The kobold hits you but does no damage.
You barely miss the kobold. The bat barely misses you.
The kobold closely misses you.
You hit the bat.
You kill the bat!
The kobold hits you with a +0 whip. The endoplasm freezes you.
You are frozen.
You hit the kobold.
You kill the kobold!
The endoplasm freezes you.
You are frozen.
* * * LOW HITPOINT WARNING * * *
You hit the endoplasm.
The endoplasm hits you but does no damage.
You barely miss the endoplasm.
You bite the endoplasm, but do no damage.
The endoplasm freezes you.
You are frozen.
* * * LOW HITPOINT WARNING * * *
You hit the endoplasm.
You bite the endoplasm, but do no damage.
The endoplasm barely misses you.
You barely miss the endoplasm. Your bite misses the endoplasm.
The endoplasm hits you but does no damage.
You hit the endoplasm.
The endoplasm hits you but does no damage.
You hit the endoplasm.
You kill the endoplasm!
Found 10 gold pieces.
Found a short sword.
Found a murky sapphire potion.
Found a scroll labelled VUEGHU EROMI.
You now have 24 gold pieces (gained 10).
Found 11 gold pieces.
Found a faded altar of an unknown god.
d - 3 scrolls labelled VUEGHU EROMI (gained 1)
h - a murky sapphire potion
i - a scroll labelled IDGHUKI TUONK You now have 35 gold pieces (gained 11).
There is a faded altar of an unknown god here.
You cannot tell which god this altar belongs to.
Convert to them anyway?
Trog accepts your prayer! Trog welcomes you!
You can now go berserk at will.

###### ###### #....#
#....# #....# #....#
#..@.###....# ####
#....#......##..
#...###....#...........
.##^....#..........##....
........###......)........
.................#..#.....
...............#..........
..........................
........####.........#.#


There were no monsters in sight!

Vanquished Creatures
  A dart slug (D:1)
  3 bats (D:1)
  2 endoplasms (D:1)
  2 goblins (D:1)
  A quokka (D:1)
  A kobold (D:1)
  A rat (D:1)
11 creatures vanquished.

Notes
Turn   | Place    | Note
-------+----------+-------------------------------------------
     0 | D:1      | vurker the Vine Stalker Enchanter began the quest for the
                  | Orb.
     0 | D:1      | Reached XP level 1. HP: 9/9 MP: 4/4
   302 | D:1      | Reached skill level 1 in Unarmed Combat
   305 | D:1      | Reached XP level 2. HP: 11/14 MP: 4/6
   686 | D:1      | Found a faded altar of an unknown god.
   725 | D:1      | Prayed at the altar of an unknown god.
   725 | D:1      | Became a worshipper of Trog the Wrathful
   725 | D:1      | Reached * piety under Trog
   726 | D:1      | Quit the game

Illustrated notes

Levels and vault maps discovered:
D:1:      erik_arrival_blinker_ship, layout_basic, basic_ecumenical_altar

Skill      XL: |  1 |
---------------+----+-----
Unarmed Combat | 1 |  1.6
Fighting       | |  0.8
Short Blades   | |  0.8
Dodging        | |  1.5
Stealth        | |  3.6
Spellcasting   | |  2.1
Hexes          | |  3.0

Action                   || total
-------------------------++-------
Melee: Dagger            ||    33
       Bite              ||     6
       Punch             ||     1
 Stab: Sleeping          ||     1
Armor: Robe              ||     4
       Scale mail        ||     9
Dodge: Dodged            ||    18

Table legend: (Time is in decaauts)
 A = Elapsed time spent in this place.
 B = Non-inter-level travel time spent in this place.
 C = Inter-level travel time spent in this place.
 D = Time resting spent in this place.
 E = Time spent auto-exploring this place.
 F = Levels seen in this place.
 G = Mean time per level.
                   A        B        C        D        E       F      G
               +--------+--------+--------+--------+--------+-----+--------+
         Total |    724 |    716 |      8 |      0 |    602 |   1 |  724.0 |
       Dungeon |    724 |    716 |      8 |      0 |    602 |   1 |  724.0 |
               +--------+--------+--------+--------+--------+-----+--------+

Top non-repeatable levels by time:
     D:1: 724 daAuts
